 Dungeon Crawl Stone Soup version 0.28-a0-667-g162e43154e (webtiles) character file.

Game seed: 15844722201470589652

495298 Lekart the Warrior (level 23, -14/215 HPs)
             Began as a Black Draconian Chaos Knight on Oct 14, 2021.
             Was the Champion of the Shining One.
             Demolished by a death scarab (22 damage)
             ... on level 1 of the Tomb of the Ancients on Oct 17, 2021.
             The game lasted 03:08:23 (51997 turns).

Lekart the Warrior (Black Draconian Chaos Knight)  Turns: 51997, Time: 03:08:23

Health: -14/215    AC: 19    Str: 21    XL:     23   Next: 95%
Magic:  42/42      EV: 28    Int: 26    God:    the Shining One [******]
Gold:   2799       SH: 12    Dex: 25    Spells: 32/45 levels left

rFire   + . .      SeeInvis .   S - +6 scimitar (elec)
rCold   + . .      Faith    .   b - +3 buckler {reflect}
rNeg    + + +      Spirit   .   (armour unavailable)
rPois   +          Reflect  +   s - +0 hat "Tuptumev" {Str+2 Int+5}
rElec   +          Harm     .   C - +2 cloak {rF+}
rCorr   .          Rampage  +   D - +2 pair of gloves of the Okapi {Rampage rPois Str+6 Stlth-}
Will    ++++.      Clarity  +   N - +0 pair of boots of Cucsaret {rC+ Will+ Str-4 Int+4}
Stlth   ++........              U - amulet of Nar Tiso {+Blink Regen+ Int+5 Slay+2}
HPRegen 1.45/turn               W - ring of Wab Xuit {Will+ Str+2 Dex+6}
MPRegen 0.28/turn               P - ring "Aroizing" {rPois rN+ Will+ Slay+5}

@: marked, flying, slowed, glowing, silenced, very slow
A: breathe lightning, AC +11, unfitting armour, big wings, electricity
resistance, cold-blooded, hooves 1, clarity, high mp 1, screaming 2, shaggy fur
1, weak 1
}: 2/15 runes: decaying, serpentine
a: Breathe Lightning, Renounce Religion, Evoke Blink


You were on level 1 of the Tomb of the Ancients.
You worshipped the Shining One.
The Shining One was exalted by your worship.
You visited 12 branches of the dungeon, and saw 47 of its levels.
You visited 1 bazaar.
You also visited: Sewer, Gauntlet, Ice Cave and Volcano.

You collected 7199 gold pieces.
You spent 4400 gold pieces at shops.

Inventory:

Hand Weapons
 K - a +9 trident of holy wrath
 R - the +8 hand crossbow "Iceyh" {penet, rF+ Will+ rCorr Int-3}
   (You found it on level 3 of the Elven Halls)

   Any ammunition fired by it passes through the targets it hits, potentially
   hitting all targets in its path until it reaches maximum range.
   Int:       It affects your intelligence (-3).
   rF:        It protects you from fire.
   rCorr:     It protects you from acid and corrosion.
   Will:      It increases your willpower.
 S - a +6 scimitar of electrocution (weapon)
Missiles
 v - 949 bolts
 G - 3 throwing nets (quivered)
Armour
 b - a +3 buckler of reflection (worn)
 s - the +0 hat "Tuptumev" (worn) {Str+2 Int+5}
   (You acquired it on level 2 of the Lair of Beasts)

   Str:       It affects your strength (+2).
   Int:       It affects your intelligence (+5).
 C - a +2 cloak of fire resistance (worn)
 D - the +2 pair of gloves of the Okapi (worn) {Rampage rPois Str+6 Stlth-}
   (You found it in a Gauntlet)

   Str:       It affects your strength (+6).
   rPois:     It protects you from poison.
   Rampage:   It bestows one free step when moving towards enemies.
   Stlth:     It makes you less stealthy.
 N - the +0 pair of boots of Cucsaret (worn) {rC+ Will+ Str-4 Int+4}
   (You found it in a Gauntlet)

   Str:       It affects your strength (-4).
   Int:       It affects your intelligence (+4).
   rC:        It protects you from cold.
   Will:      It increases your willpower.
Jewellery
 l - the amulet of the Four Winds {rN+ Will+++ Clar}
   (You found it on level 3 of the Elven Halls)

   [amulet of nothing]

   rN:        It protects you from negative energy.
   Clar:      It protects you against confusion.
   Will:      It greatly increases your willpower.
 P - the ring "Aroizing" (right hand) {rPois rN+ Will+ Slay+5}
   (You bought it in a shop on level 9 of the Dungeon)

   [ring of willpower]

   Slay:      It affects your accuracy & damage with ranged weapons and melee
   (+5).
   rPois:     It protects you from poison.
   rN:        It protects you from negative energy.
   Will:      It increases your willpower.
 U - the amulet of Nar Tiso (around neck) {+Blink Regen+ Int+5 Slay+2}
   (You found it in a Gauntlet)

   [amulet of regeneration]

   Int:       It affects your intelligence (+5).
   Slay:      It affects your accuracy & damage with ranged weapons and melee
   (+2).
   +Blink:    It lets you blink.
   Regen:     It increases your rate of health regeneration.
 W - the ring of Wab Xuit (left hand) {Will+ Str+2 Dex+6}
   (You found it in a Gauntlet)

   [ring of willpower]

   Str:       It affects your strength (+2).
   Dex:       It affects your dexterity (+6).
   Will:      It increases your willpower.
Wands
 e - a wand of iceblast (36)
 n - a wand of digging (20)
 u - a wand of mindburst (54)
 x - a wand of acid (8)
 L - a wand of paralysis (25)
 Q - a wand of charming (35)
 V - a wand of polymorph (37)
Scrolls
 a - a scroll of silence
 f - 6 scrolls of fog
 h - a scroll of brand weapon
 m - 31 scrolls of identify
 t - 5 scrolls of fear
 y - 7 scrolls of enchant armour
 B - 6 scrolls of teleportation
 F - 11 scrolls of amnesia
 I - 9 scrolls of holy word
 O - 4 scrolls of magic mapping
Potions
 c - 19 potions of curing
 d - 4 potions of mutation
 g - 3 potions of heal wounds
 i - 2 potions of cancellation
 j - 8 potions of resistance
 k - 7 potions of might
 o - 5 potions of brilliance
 p - 4 potions of invisibility
 w - 2 potions of haste
Miscellaneous
 q - a tin of tremorstones (2/2)
 A - a box of beasts
 H - a phial of floods
 M - a lightning rod (4/4)
 X - a phantom mirror
 Y - a piece from Xom's chessboard (15/15)


   Skills:
 + Level 19.8 Fighting
 + Level 14.6 Long Blades
 + Level 3.1(11.0) Axes
 + Level 16.1(16.2) Polearms
 + Level 3.4 Crossbows
 + Level 0.3 Throwing
 + Level 17.0 Dodging
 - Level 12.3 Stealth
 + Level 15.0 Shields
 * Level 11.8 Spellcasting
 * Level 7.7 Hexes
 * Level 12.9 Ice Magic
 - Level 5.0 Air Magic
 * Level 8.3 Invocations
 + Level 4.5 Evocations


You had 32 spell levels left.
You knew the following spells:

 Your Spells              Type           Power      Damage    Failure   Level
a - Frozen Ramparts       Ice            100%       1d12      1%          3
b - Silence               Hex/Air        24%        N/A       8%          5
c - Ozocubu's Armour      Ice            70%        N/A       1%          3
d - Wereblood             Tmut           15%        N/A       6%          2

Your spell library contained the following spells:

 Spells                   Type           Power      Damage    Failure   Level
 Freeze                   Ice            100%       1d11      1%          1
 Shock                    Conj/Air       100%       1d9       1%          1
 Corpse Rot               Necr/Air       N/A        N/A       1%          2
 Poisonous Vapours        Pois/Air       56%        N/A       1%          2
 Static Discharge         Conj/Air       28%        N/A       1%          2
 Swiftness                Air            41%        N/A       1%          3
 Tukima's Dance           Hex            53%        N/A       1%          3
 Cause Fear               Hex            26%        N/A       1%          4
 Dazzling Flash           Conj/Hex       70%        N/A       2%          3
 Inner Flame              Hex/Fire       35%        N/A       2%          3
 Portal Projectile        Hex/Tloc       70%        N/A       2%          3
 Hailstorm                Conj/Ice       48%        3d11      2%          4
 Ice Form                 Ice/Tmut       49%        N/A       2%          4
 Summon Ice Beast         Ice/Summ       48%        N/A       2%          4
 Animate Skeleton         Necr           30%        N/A       3%          1
 Apportation              Tloc           30%        N/A       3%          1
 Magic Dart               Conj           60%        1d6       3%          1
 Pain                     Necr           60%        1d7       3%          1
 Sting                    Tmut/Pois      60%        1d6       3%          1
 Summon Small Mammal      Summ           60%        N/A       3%          1
 Airstrike                Air            20%        N/A       4%          4
 Blink                    Tloc           N/A        N/A       6%          2
 Call Imp                 Summ           15%        N/A       6%          2
 Searing Ray              Conj           30%        2d5       6%          2
 Sublimation of Blood     Necr           7%         N/A       6%          2
 Mephitic Cloud           Conj/Pois/Air  24%        N/A       6%          3
 Fulminant Prism          Conj/Hex       17%        3d11      8%          4
 Freezing Cloud           Conj/Ice/Air   23%        6-21      9%          5
 Ignite Poison            Fire/Tmut/Pois 15%        N/A       12%         3
 Lesser Beckoning         Tloc           15%        N/A       12%         3
 Stone Arrow              Conj/Erth      30%        3d8       12%         3
 Vampiric Draining        Necr           7%         2d7       12%         3
 Summon Lightning Spire   Summ/Air       28%        N/A       14%         4
 Ozocubu's Refrigeration  Ice            35%        4d12      16%         7
 Yara's Violent Unravell  Hex/Tmut       17%        3d8       22%         5
 Invisibility             Hex            26%        N/A       26%         6
 Animate Dead             Necr           7%         N/A       36%         4
 Dispel Undead            Necr           15%        3d10      36%         4
 Iskenderun's Mystic Bla  Conj/Tloc      15%        2d5       36%         4
 Olgreb's Toxic Radiance  Pois           15%        N/A       36%         4
 Passage of Golubria      Tloc           N/A        N/A       36%         4
 Sticky Flame             Conj/Fire      15%        2d4       36%         4
 Simulacrum               Ice/Necr       24%        N/A       38%         6
 Agony                    Necr           15%        N/A       71%         5
 Alistair's Intoxication  Tmut/Pois      10%        N/A       71%         5
 Blade Hands              Tmut           7%         N/A       71%         5
 Borgnjor's Vile Clutch   Necr/Erth      7%         N/A       71%         5
 Excruciating Wounds      Necr           7%         N/A       71%         5
 Iskenderun's Battlesphe  Conj           15%        2d7       71%         5
 Lee's Rapid Deconstruct  Erth           7%         3d8*      71%         5
 Manifold Assault         Tloc           15%        N/A       71%         5
 Death Channel            Necr           7%         N/A       99%         6
 Iron Shot                Conj/Erth      7%         9d2       99%         6
 Starburst                Conj/Fire      7%         6d4       99%         6
 Haunt                    Necr/Summ      7%         N/A       100%        7
 Malign Gateway           Summ/Tloc      7%         N/A       100%        7
 Orb of Destruction       Conj           7%         9d3       100%        7
 Spellforged Servitor     Conj/Summ      7%         N/A       100%        7
 Storm Form               Tmut/Air       14%        N/A       100%        7
 Summon Hydra             Summ           7%         N/A       100%        7
 Discord                  Hex            26%        N/A       100%        8
 Ignition                 Fire           7%         3d5       100%        8
 Lehudib's Crystal Spear  Conj/Erth      7%         10d3      100%        8
 Summon Horrible Things   Summ           7%         N/A       100%        8
 Fire Storm               Conj/Fire      7%         8d2       100%        9
 Polar Vortex             Ice            35%        N/A       100%        9
 Animate Armour           Summ/Erth      Unusable   N/A       N/A         4

Dungeon Overview and Level Annotations

Branches:
Dungeon (15/15)            Temple (1/1) D:6            Lair (6/6) D:8
  Swamp (4/4) Lair:4        Snake (4/4) Lair:3        Slime (0/5) Lair:6
    Orc (2/2) D:11            Elf (3/3) Orc:2        Vaults (5/5) D:13
  Crypt (3/3) Vaults:3       Tomb (1/3) Crypt:3      Depths (2/4) D:15
   Hell (visited)           Sewer (visited)           IceCv (visited)
Volcano (visited)         Gauntlet (visited)
    Dis: Hell:1         Geh: Hell:1         Coc: Hell:1         Tar: Hell:1

Altars:
Ashenzari
Cheibriados
Elyvilon
Fedhas
Gozag
Hepliaklqana
Kikubaaqudgha
Qazlal
Sif Muna
Uskayaw
Vehumet
Wu Jian
Xom
Yredelemnul
Zin
The Shining One
Beogh
Jiyva

Shops:
D:9 =   D:15 (   Orc:2 =[(:*   Elf:1 (   Elf:2 [   Snake:1 =:=   Vaults:1 ?
Vaults:2 !

Portals:
Hell: Depths:1

Annotations:
D:4 3 runed translucent doors, TimeIsEndless's ghost, novice FoFi
D:8 exclusion: downstairs
D:11 exclusion: downstairs
Swamp:3 Lernaean hydra
Tomb:1 Mennas
Depths:2 exclusion: orange crystal statue
Hell Geryon


Innate Abilities, Weirdness & Mutations

You can breathe wild blasts of lightning.
Your glossy black scales are hard. (AC +11)
You cannot fit into any form of body armour.
Your large and strong wings let you fly.
You are resistant to electric shocks. (rElec)
You are cold-blooded and may be slowed by cold attacks.
You have large cloven feet.
You possess an exceptional clarity of mind.
You have an increased reservoir of magic. (+10% MP)
You frequently scream uncontrollably at your foes.
You are covered in fur. (AC +1)
You are weak. (Str -2)


Message History

The death scarab misses you. The death scarab bites you!
The death scarab drains your vigour!
You feel as though you will be slow longer.
Mennas hits you with a +0 sacred scourge of holy wrath!
Mennas completely misses you. The death scarab bites you!
The death scarab bites you but does no damage.
The death scarab bites you!! The death scarab drains your vigour!
You feel as though you will be slow longer.
The death scarab completely misses you.
Mennas hits you with a +0 sacred scourge of holy wrath!!
Mennas completely misses you. You block the death scarab's attack.
A revenant comes into view.
Mennas becomes audible again.
The death scarab misses you. The death scarab bites you!!
* * * LOW HITPOINT WARNING * * *
The death scarab barely misses you. You block the death scarab's attack. x2
The death scarab bites you but does no damage.
Mennas gestures at you.
Mennas hits you with a +0 sacred scourge of holy wrath!!
* * * LOW HITPOINT WARNING * * *
Mennas misses you. The death scarab barely misses you.
The death scarab closely misses you.
Mennas gestures frantically.
Mennas's surroundings become eerily quiet.
The death scarab bites you!
* * * LOW HITPOINT WARNING * * *
You block the spriggan defender zombie's attack.
You block the death scarab's attack. The death scarab misses you.
You block the death scarab's attack. The death scarab closely misses you.
You block the death scarab's attack. x2
The death scarab misses you. The death scarab completely misses you.
The death scarab bites you!
* * * LOW HITPOINT WARNING * * *
The death scarab drains your vigour!
You feel as though you will be slow longer.
You block the death scarab's attack. The death scarab completely misses you.
The death scarab closely misses you. The death scarab bites you!
* * * LOW HITPOINT WARNING * * *
The death scarab bites you!!
You die...

#..........#*,,*,,,,^,,^*,,*#...
#.....}....#*,,*,,,,,,,^*,,*#MB.
#..........#*,,**********,,*#B8.
#..........#*,,,,,,,,,,,,,,*#Z..
#..........#*,,,,,,,,,,,,,,*#.MB
#..........#****************#.8.
#..........##################...
#..............BBZ....z.........
#..)...........@BA.M..........8.
#.......:.......B...............
#...............3...............
#...............................
#..............................⌠
#...............................
#...............................
#...............................
#...............................


You could see Mennas (silencing), a revenant, a sun demon (summoned), a guardian
mummy, 4 death scarabs and a spriggan defender zombie.

Vanquished Creatures
  Khufu (Crypt:2)
  A royal mummy (Crypt:2)
  Sojobo (Crypt:3)
  Margery (Crypt:3)
  Vashnia (Snake:4)
  Jory (Vaults:3)
  A bone dragon (Crypt:3)
  2 shard shrike zombies
  2 tentacled monstrosities
  4 liches (Crypt:3)
  2 quicksilver dragons (Snake:4)
  A titan (Vaults:3)
  2 deep elf master archers (Elf:3)
  2 deep elf blademasters (Elf:2)
  10 sphinxes
  8 ancient champions
  Frances (D:13)
  2 tengu reavers
  3 fire giants
  4 frost giants
  4 deep elf sorcerers
  Donald (Snake:4)
  4 nagarajas
  An iron dragon (Vaults:4)
  Aizul (Swamp:3)
  An emperor scorpion (Lair:5)
  A spectral caustic shrike (D:15)
  A spectral juggernaut (D:15)
  Louise (Swamp:1)
  An orc warlord (D:11)
  2 deep elf elementalists (Elf:3)
  13 vault wardens
  2 curse skulls
  A war gargoyle (Vaults:3)
  12 ironbound preservers
  A juggernaut zombie (Depths:2)
  2 stone giants
  4 deep elf demonologists
  6 deep elf annihilators
  5 vampire knights
  3 bunyips
  24 very ugly things
  A minotaur (Gauntlet)
  15 dire elephants
  Azrael (D:12)
  A red draconian (Volcano)
  A bunyip (shapeshifter) (Swamp:3)
  A spark wasp (D:15)
  A spark wasp (shapeshifter) (Vaults:3)
  4 ettins
  4 eleionomae
  2 eidola (Depths:2)
  12 jiangshi
  12 deep elf death magi
  A mummy priest (Tomb:1)
  2 deep elf high priests
  A spectral quicksilver dragon (D:15)
  A spectral golden dragon (Depths:1)
  4 fire dragons
  4 great orbs of eyes
  8 ironbound thunderhulks
  The ghost of MirrMurr the Unseen, a journeyman SpEn of Gozag (Lair:4)
  5 ice dragons
  4 rakshasas
  6 boulder beetles
  An ogre mage (D:15)
  17 hydras
  A spectral tengu (Depths:1)
  A peacekeeper (Vaults:3)
  Harold (D:8)
  Fannar (Lair:2)
  7 naga warriors
  2 salamander tyrants (Snake:4)
  A spriggan air mage (Depths:1)
  9 yaktaur captains
  7 vault guards
  A catoblepas (Lair:6)
  3 caustic shrike simulacra (IceCv)
  6 centaur warriors
  2 ghost crabs
  9 anacondas
  2 spectral sphinxes (D:15)
  9 ironbound frosthearts
  11 alligators
  14 death yaks
  A spectral fire giant (Depths:1)
  7 two-headed ogres
  A spectral frost giant (Depths:1)
  28 dancing weapons
  2 tengu warriors
  A satyr (D:15)
  7 deep troll shamans
  2 spriggan berserkers
  5 deep troll earth magi
  A spectral storm dragon (Depths:2)
  14 vampire magi
  10 death scarabs (Tomb:1)
  2 orc high priests
  12 naga sharpshooters
  6 shock serpents
  16 deep elf knights
  4 hell knights
  A titan skeleton (Tomb:1)
  2 soul eaters
  2 death drakes (Depths:2)
  2 salamander mystics
  A fire crab (shapeshifter) (D:13)
  A spectral spark wasp (Depths:1)
  3 iron trolls
  4 goliath frogs
  6 sea snakes (Snake:1)
  2 spriggan druids (Swamp:3)
  42 deep trolls
  6 deep elf archers
  A glowing orange brain (Vaults:3)
  35 skeletal warriors
  An entropy weaver zombie (Crypt:3)
  2 bog bodies
  2 spectral iron dragons
  10 swamp dragons
  A bunyip skeleton (Crypt:2)
  4 naga ritualists
  3 flayed ghosts
  14 ironbound convokers
  7 lindwurms
  7 orc knights
  An iron giant skeleton (Crypt:2)
  14 wizards
  A harpy (D:13)
  27 deep elf zephyrmancers
  8 phantasmal warriors
  2 orange crystal statues (IceCv)
  28 deep elf pyromancers
  2 sphinx zombies (Vaults:1)
  8 necromancers
  11 salamanders
  3 mana vipers
  A wolf spider (D:15)
  4 will-o-the-wisps
  63 ugly things
  5 orc sorcerers
  6 cyclopes
  2 spectral spriggans
  4 manticores
  A shadow dragon skeleton (Crypt:1)
  12 elephants
  A guardian serpent (shapeshifter) (Elf:2)
  7 guardian serpents
  2 stone giant skeletons
  10 naga magi
  15 vault sentinels
  11 cane toads
  5 gargoyles
  2 molten gargoyles (Volcano)
  2 minotaur zombies
  24 black mambas
  A torpor snail (Gauntlet)
  7 rime drakes
  A spectral iron troll (Crypt:1)
  10 komodo dragons
  A black draconian zombie (Crypt:2)
  6 freezing wraiths
  2 kobold demonologists (D:11)
  An efreet (D:13)
  An unseen horror (shapeshifter) (D:11)
  A yaktaur zombie (Vaults:4)
  3 spectral deep trolls (Crypt:1)
  3 anaconda simulacra (IceCv)
  2 golden dragon simulacra (IceCv)
  31 yaktaurs
  A harpy zombie (Tomb:1)
  A meliai (Snake:1)
  8 trolls
  A tengu conjurer (D:13)
  10 guardian mummies (Tomb:1)
  5 polar bears
  A fire dragon zombie (Crypt:3)
  2 burning bushes (Lair:1)
  A bloated husk (Swamp:2)
  A polar bear (shapeshifter) (Elf:1)
  4 hornets
  26 slime creatures
  5 tyrant leeches
  11 blink frogs
  An ettin zombie (Vaults:1)
  An air elemental (Elf:3)
  10 dream sheep
  24 flying skulls
  7 shadows
  A dire elephant simulacrum (IceCv)
  A frost giant simulacrum (Vaults:3)
  4 spriggans
  2 centaur simulacra (Gauntlet)
  2 spriggans (shapeshifter) (D:15)
  6 wraiths
  A vampire (D:9)
  5 water elementals
  A fire dragon skeleton (Crypt:1)
  An ushabti (Tomb:1)
  3 wyverns
  63 yaks
  A golden eye (Lair:6)
  5 basilisks
  7 fire elementals
  4 humans (Elf:3)
  A steam dragon (D:7)
  2 basilisks (shapeshifter)
  A redback simulacrum (Gauntlet)
  A catoblepas simulacrum (Lair:4)
  Grum (D:8)
  5 vampire mosquitoes
  An elf skeleton (Vaults:1)
  17 swamp worms
  42 nagas
  9 wargs
  3 human simulacra (Vaults:1)
  A yaktaur simulacrum (Vaults:3)
  5 hydra simulacra
  11 water moccasins
  2 hell hounds
  An acid dragon (D:8)
  A floating eye (Depths:2)
  4 black bears
  An ogre skeleton (Vaults:1)
  11 swamp drakes
  4 human zombies
  A sky beast (D:6)
  2 ettin simulacra
  A blink frog zombie (Crypt:1)
  5 boggarts (Vaults:1)
  36 orc warriors
  A black mamba simulacrum (Lair:4)
  An alligator simulacrum (IceCv)
  2 ice beasts
  A swamp dragon skeleton (Crypt:1)
  A hog zombie (Crypt:3)
  3 necrophages
  5 ogres
  13 centaurs
  A wolf (shapeshifter) (Elf:1)
  23 wolves
  2 phantoms
  7 bullfrogs
  A hog skeleton (Crypt:3)
  3 kobold brigands
  A scorpion (D:5)
  A komodo dragon zombie (Crypt:2)
  A glowing shapeshifter simulacrum (Vaults:3)
  2 earth elementals
  A cane toad simulacrum (Lair:4)
  3 human skeletons
  2 wyvern skeletons
  A water moccasin skeleton (D:4)
  A dream sheep simulacrum (Lair:4)
  An elephant simulacrum (Lair:4)
  4 wights (D:10)
  4 killer bees (D:8)
  A spriggan skeleton (Crypt:3)
  A howler monkey (D:11)
  2 lindwurm simulacra (IceCv)
  2 torpor snail simulacra (Lair:4)
  8 electric eels
  9 centaur zombies
  4 hounds
  17 orc priests
  3 jellies
  Crazy Yiuf (D:2)
  2 bullfrog skeletons
  7 centaur skeletons
  2 iguanas (D:5)
  Ijyb (D:3)
  Terence (D:2)
  A scorpion zombie (D:5)
  Natasha (thrice) (D:2)
  15 orc wizards
  An acid dragon skeleton (Crypt:3)
  A naga skeleton (Crypt:2)
  2 demigod skeletons
  A hound zombie (Crypt:1)
  5 mummies
  3 howler monkey zombies
  4 gnolls (D:5)
  A river rat (Sewer)
  A swamp drake zombie (Crypt:1)
  16 adders
  4 white imps
  A lava snake zombie (Crypt:3)
  A worm zombie (Crypt:2)
  An adder skeleton (D:3)
  A lava snake skeleton (Crypt:1)
  A worm (D:3)
  63 orcs
  12 ball pythons
  6 bats
  4 endoplasms
  5 giant cockroaches
  15 goblins
  11 hobgoblins
  A jackal (shapeshifter) (D:11)
  7 jackals
  3 quokkas
  11 frilled lizards
  19 kobolds
  24 rats
  A rat skeleton (Crypt:1)
1756 creatures vanquished.

Vanquished Creatures (collateral kills)
  A royal mummy (Crypt:3)
  A tengu reaver (Crypt:3)
  An orc warlord (Orc:2)
  A deep elf annihilator (Elf:2)
  A deep elf high priest (Elf:3)
  2 deep elf pyromancers (Elf:2)
  A deep elf zephyrmancer (Elf:2)
  2 naga magi (Snake:1)
  A centaur skeleton (D:10)
  A freezing wraith (IceCv)
  A troll (Orc:2)
  3 nagas
  An ogre (Orc:2)
  A bullfrog (Lair:4)
  A gnoll sergeant (D:7)
  A scorpion (D:4)
  An iguana (D:7)
  An orc wizard (D:7)
  A shadow imp (D:7)
  An orc (Orc:2)
  A goblin (D:4)
  A quokka (D:1)
26 creatures vanquished.

Vanquished Creatures (others)
  A deep elf annihilator (Elf:3)
  A hydra (Swamp:2)
  3 dancing weapons
  2 deep elf knights (Elf:2)
  A deep elf pyromancer (Elf:2)
  A deep elf zephyrmancer (Elf:2)
  4 bloated husks
  An air elemental (Elf:3)
  A swamp worm (Swamp:2)
  A necrophage (D:6)
  A wight (D:10)
  A river rat (Sewer)
  4 rats (Sewer)
  36 foxfires
  29 fungi
  22 plants
  5 withered plants (Gauntlet)
114 creatures vanquished.

Grand Total: 1896 creatures vanquished

Notes
Turn   | Place    | Note
-------+----------+-------------------------------------------
     0 | D:1      | Lekart the Draconian Chaos Knight began the quest for the
                  | Orb.
     0 | D:1      | Reached XP level 1. HP: 19/19 MP: 1/1
   192 | D:1      | Reached XP level 2. HP: 24/26 MP: 2/2
   349 | D:1      | XOM: cast spell 'Call Canine Familiar'
   835 | D:1      | XOM: silly message
   845 | D:1      | XOM: silly message
   959 | D:2      | Noticed Natasha
   963 | D:2      | Noticed a crimson imp
   968 | D:2      | Noticed a crimson imp
  1034 | D:2      | Killed Natasha
  1035 | D:2      | Reached skill level 4 in Fighting
  1035 | D:2      | Reached XP level 3. HP: 20/33 MP: 3/3
  1098 | D:2      | Noticed Natasha
  1160 | D:2      | XOM: potion effect (haste)
  1221 | D:2      | Killed Natasha
  1222 | D:2      | Reached XP level 4. HP: 30/40 MP: 4/4
  1446 | D:2      | XOM: cloud trail
  1531 | D:2      | Found a faded altar of an unknown god.
  1531 | D:2      | Noticed Terence
  1542 | D:2      | Killed Terence
  1695 | D:2      | Noticed Natasha
  1704 | D:2      | Killed Natasha
  1705 | D:2      | Reached XP level 5. HP: 47/47 MP: 5/5
  1794 | D:2      | XOM is BORED!
  1830 | D:2      | Found a runed translucent door.
  1831 | D:2      | Noticed Crazy Yiuf
  2070 | D:2      | XOM: god gift: book of Hexes
  2072 | D:2      | Killed Crazy Yiuf
  2162 | D:2      | XOM: scenery: create altars
  2192 | D:3      | Reached skill level 5 in Long Blades
  2472 | D:3      | Noticed Ijyb
  2602 | D:3      | XOM: 3-stop teleportation journey
  2779 | D:3      | XOM: chaos upgrade
  2827 | D:3      | XOM: silly message
  2941 | D:3      | Killed Ijyb
  3092 | D:4      | Found a glowing drain.
  3112 | Sewer    | XOM: stealth player
  3112 | Sewer    | Entered a sewer
  3180 | Sewer    | XOM: confusion
  3191 | Sewer    | Reached XP level 6. HP: 47/53 MP: 6/6
  3283 | Sewer    | XOM: give mutations
  3283 | Sewer    | Gained mutation: You have sharp toenails. [Xom's grace]
  3283 | Sewer    | Gained mutation: Your mind is acute. (Int +2) [Xom's grace]
  3295 | Sewer    | XOM: smoke on damage
  3313 | Sewer    | XOM: destruction
  3631 | Sewer    | XOM: polymorph adder -> frilled lizard
  3673 | Sewer    | Identified a scroll of acquirement
  3673 | Sewer    | Acquired a +1 buckler of reflection
  3722 | Sewer    | XOM: polymorph bullfrog -> ball python
  3763 | Sewer    | XOM: confuse monster(s)
  3964 | Sewer    | XOM: divination: detect creatures
  4081 | D:4      | Reached skill level 5 in Fighting
  4081 | D:4      | Reached skill level 1 in Stealth
  4081 | D:4      | Your scales start taking on a glossy black colour.
  4081 | D:4      | Reached XP level 7. HP: 41/61 MP: 7/7
  4081 | D:4      | Gained mutation: You are resistant to electric shocks.
                  | (rElec) [Black Draconian growth]
  4093 | D:4      | XOM: god gift: 929 gold pieces
  4191 | D:4      | XOM: summons 7 friendly demons
  4194 | D:4      | Reached skill level 1 in Shields
  4240 | D:4      | XOM: scenery: summon butterflies
  4410 | D:4      | Noticed TimeIsEndless's ghost (novice FoFi)
  4412 | D:4      | Found a runed translucent gate.
  4412 | D:4      | Found a runed translucent gate.
  4426 | D:4      | Found a runed translucent gate.
  4500 | D:4      | XOM: cast spell 'Death Channel'
  4588 | D:4      | XOM: give mutations
  4588 | D:4      | Gained mutation: Your natural rate of healing is unusually
                  | fast. [Xom's grace]
  4588 | D:4      | Gained mutation: You have hidden genetic potential. [Xom's
                  | grace]
  4588 | D:4      | Gained mutation: You expend magic power (3 MP) to
                  | strengthen your wands. [Xom's grace]
  4588 | D:4      | Gained mutation: You have a pair of small horns on your
                  | head. [Xom's grace]
  4714 | D:4      | XOM: 2-stop teleportation journey
  4899 | D:4      | XOM: divination: detect items
  4996 | D:5      | Entered Level 5 of the Dungeon
  5127 | D:5      | XOM: give mutation
  5127 | D:5      | Gained mutation: You have great hidden genetic potential.
                  | [Xom's grace]
  5344 | D:5      | XOM: scenery: 1 doors close
  5348 | D:5      | Reached XP level 8. HP: 57/69 MP: 8/8
  5361 | D:5      | Reached skill level 5 in Dodging
  5548 | D:5      | XOM: summons friendly crimson imp
  5629 | D:6      | XOM: god gift: book of Blasting
  5647 | D:6      | Gained mutation: You are robust. (+10% HP) [hidden
                  | potential]
  5658 | D:6      | Found a staircase to the Ecumenical Temple.
  5702 | D:6      | XOM: summons 2 friendly demons
  5757 | D:6      | Reached skill level 6 in Fighting
  5769 | D:6      | XOM: scenery: summon butterflies
  5803 | D:6      | XOM: divination: detect items
  5876 | D:6      | XOM: fog
  5899 | D:6      | XOM: scenery: create altars
  6050 | D:6      | XOM: cleaving
  6110 | D:6      | XOM: divine lightning
  6168 | D:6      | Found the ring of the Octopus King
  6186 | D:6      | Identified a ring of the Octopus King {rCorr AC+1 EV+1
                  | Str+1 Int+1 Dex+1}
  6361 | D:7      | Found a hide-covered altar of Uskayaw.
  6616 | D:7      | XOM: 4-stop teleportation journey
  6633 | D:7      | Reached XP level 9. HP: 79/85 MP: 9/9
  6686 | D:7      | XOM: summons 2 friendly demons
  6701 | D:7      | Gained mutation: You possess an exceptional clarity of
                  | mind. [hidden potential]
  6701 | D:7      | Lost mutation: You have great hidden genetic potential.
                  | [hidden potential expressed]
  6874 | D:7      | XOM: summons friendly iron imp
  6892 | D:7      | XOM: confuse monster(s)
  7190 | D:8      | XOM: confuse monster(s)
  7199 | D:8      | XOM: enchant monster (bad)
  7200 | D:8      | Reached skill level 7 in Fighting
  7237 | D:8      | Found a staircase to the Lair.
  7263 | D:8      | Noticed Maurice
  7297 | D:7      | XOM: polymorph something unseen -> Maurice the shapeshifter
  7304 | D:7      | XOM: polymorph Maurice the raiju -> Maurice the
                  | shapeshifter
  7304 | D:7      | Noticed Maurice
  7304 | D:7      | Maurice the shapeshifter changed into Maurice the rime
                  | drake
  7305 | D:7      | Maurice the rime drake changed into Maurice the basilisk
  7311 | D:7      | Reached skill level 1 in Axes
  7347 | D:8      | XOM: give mutations
  7347 | D:8      | Gained mutation: Your large and strong wings let you fly.
                  | [Xom's grace]
  7347 | D:8      | Gained mutation: You have an increased reservoir of magic.
                  | (+10% MP) [Xom's grace]
  7347 | D:8      | Gained mutation: You passively dampen the noise of your
                  | surroundings. [Xom's grace]
  7391 | D:8      | XOM: summons 7 friendly demons
  7591 | D:8      | Found a snail-covered altar of Cheibriados.
  7673 | D:8      | Noticed Harold
  7686 | D:8      | Killed Harold
  7687 | D:8      | Reached XP level 10. HP: 60/94 MP: 11/11
  7696 | D:8      | XOM: polymorph wolf -> centaur
  7707 | D:8      | Noticed Grum
  7708 | D:8      | XOM: enchant monster (good)
  7718 | D:8      | Gained mutation: You have great hidden genetic potential.
                  | [hidden potential]
  7719 | D:8      | Killed Grum
  7887 | D:8      | Paralysed by a hornet for 2 turns
  7895 | D:8      | XOM: smoke on damage
  7984 | D:8      | XOM: give mutation
  7984 | D:8      | Lost mutation: You are robust. (+10% HP) [Xom's mischief]
  8217 | D:9      | Reached skill level 1 in Polearms
  8270 | D:9      | XOM: divination: detect creatures
  8377 | D:9      | XOM: god gift: plate armour {god gift}
  8484 | D:9      | XOM: divination: detect creatures
  8495 | D:9      | XOM: summons 2 friendly demons
  8569 | D:9      | XOM: give mutation
  8569 | D:9      | Gained mutation: Your system is resistant to poisons.
                  | (rPois) [Xom's grace]
  8601 | D:9      | Found Renoullyl's Jewellery Shop.
  8605 | D:9      | Bought the ring "Aroizing" {rPois rN+ Will+ Slay+5} for 736
                  | gold pieces
  8679 | D:10     | Entered Level 10 of the Dungeon
  8679 | D:10     | Noticed a two-headed ogre
  8685 | D:10     | Killed a two-headed ogre
  8786 | D:10     | Reached skill level 8 in Fighting
  9163 | D:10     | XOM: divination: detect items
  9176 | D:10     | XOM: give mutations
  9176 | D:10     | Lost mutation: You have sharp toenails. [Xom's mischief]
  9176 | D:10     | Lost mutation: You have great hidden genetic potential.
                  | [Xom's mischief]
  9176 | D:10     | Lost mutation: Your large and strong wings let you fly.
                  | [Xom's mischief]
  9176 | D:10     | Lost mutation: You have a pair of small horns on your head.
                  | [Xom's mischief]
  9215 | D:11     | Found a shimmering altar of Xom.
  9215 | D:11     | XOM: noise
  9216 | D:11     | Found a shimmering altar of Xom.
  9219 | D:11     | Found a shimmering altar of Xom.
  9236 | D:11     | XOM: confuse monster(s)
  9244 | D:11     | Reached skill level 5 in Polearms
  9250 | D:11     | Found a shimmering altar of Xom.
  9265 | D:11     | Found a transporter.
  9283 | D:11     | Reached XP level 11. HP: 66/94 MP: 12/12
  9288 | D:11     | Reached skill level 5 in Shields
  9288 | D:11     | Found a transporter.
  9290 | D:11     | XOM: summons friendly quasit
  9294 | D:11     | Noticed a boulder beetle
  9294 | D:11     | Noticed a boulder beetle
  9306 | D:11     | Gained mutation: You are agile. (Dex +2) [hidden potential]
  9306 | D:11     | Lost mutation: You have hidden genetic potential. [hidden
                  | potential expressed]
  9532 | D:11     | XOM is BORED!
  9555 | D:11     | Found a staircase to the Orcish Mines.
  9666 | D:11     | Noticed a boulder beetle
  9682 | D:11     | Noticed an ettin
  9707 | D:11     | Noticed a two-headed ogre
  9713 | D:11     | Killed a two-headed ogre
  9716 | D:11     | XOM: enchant monster (good)
  9739 | D:11     | Noticed a two-headed ogre
  9744 | D:11     | XOM: smoke on damage
  9746 | D:11     | Killed a two-headed ogre
  9761 | D:11     | Reached skill level 5 in Stealth
  9791 | D:11     | Reached skill level 12 in Fighting
  9791 | D:11     | Reached XP level 12. HP: 113/113 MP: 13/13
  9792 | D:11     | Reached XP level 13. HP: 119/119 MP: 14/14
  9834 | D:11     | XOM: divination: detect creatures
 10072 | D:12     | XOM: potion effect (haste)
 10085 | D:12     | XOM: enchant monster (bad)
 10112 | D:12     | XOM: summons 3 friendly demons
 10117 | D:12     | Found a gate leading to a gauntlet.
 10123 | Gauntlet | Entered a Gauntlet
 10123 | Gauntlet | Found a transporter.
 10133 | Gauntlet | Found a transporter.
 10137 | Gauntlet | Found a transporter.
 10137 | Gauntlet | Noticed a dire elephant
 10139 | Gauntlet | Found a transporter.
 10140 | Gauntlet | Found a transporter.
 10141 | Gauntlet | Found a transporter.
 10154 | Gauntlet | Found a transporter.
 10155 | Gauntlet | Found a transporter.
 10174 | Gauntlet | Found a transporter.
 10174 | Gauntlet | Found a transporter.
 10175 | Gauntlet | Found a transporter.
 10183 | Gauntlet | Found a transporter.
 10372 | Gauntlet | XOM: cast spell 'Shadow Creatures'
 10394 | Gauntlet | XOM: confuse monster(s)
 10430 | Gauntlet | XOM: confuse monster(s)
 10442 | Gauntlet | Reached skill level 13 in Fighting
 10446 | Gauntlet | Identified the +2 pair of gloves of the Okapi {Rampage
                  | rPois Str+6 Stlth-}
 10455 | Gauntlet | Identified the +0 pair of boots of Cucsaret {rC+ Will+
                  | Str-4 Int+4}
 10483 | Gauntlet | Identified the ring of Ischeo Miguoh {rPois rN+}
 10483 | Gauntlet | Noticed a minotaur
 10483 | Gauntlet | XOM: enchant monster (good)
 10491 | Gauntlet | Killed a minotaur
 10498 | Gauntlet | Identified the +1 leather armour "Jiemasyhi" {Harm rElec
                  | Will+}
 10498 | Gauntlet | Identified the amulet of Nar Tiso {+Blink Regen+ Int+5
                  | Slay+2}
 10498 | Gauntlet | Identified the ring of Wab Xuit {Will+ Str+2 Dex+6}
 10499 | Gauntlet | Got Sif Muna's Disquisition on the Spatial Frostbite
 10516 | D:12     | XOM: confuse monster(s)
 10528 | D:12     | XOM: potion effect (invisibility)
 10637 | D:12     | XOM: enchant monster (good)
 10719 | D:12     | XOM: potion effect (might)
 10790 | D:12     | XOM: god gift: 24 stones
 10847 | D:12     | Noticed Azrael
 10847 | D:12     | XOM: summons friendly iron imp
 10865 | D:12     | XOM: cleaving
 11005 | D:12     | XOM: cast spell 'Summon Ice Beast'
 11185 | Orc:1    | Entered Level 1 of the Orcish Mines
 11289 | Orc:1    | XOM: enchant monster (bad)
 11324 | Orc:1    | XOM: give mutations
 11324 | Orc:1    | Gained mutation: Your flesh is heat resistant. (rF+) [Xom's
                  | grace]
 11324 | Orc:1    | Gained mutation: Your tail ends in a poisonous barb. [Xom's
                  | grace]
 11332 | Orc:1    | You fall into a shaft and drop 1 floor!
 11332 | Orc:2    | Entered Level 2 of the Orcish Mines
 11333 | Orc:2    | XOM: god gift: Xom's Almanac of Anaesthesia {god gift}
 11335 | Orc:2    | XOM: god gift: glowing emerald potion {god gift}
 11336 | Orc:2    | XOM: confuse monster(s)
 11336 | Orc:2    | Noticed an orc warlord
 11339 | Orc:2    | Found Ruux's Book Shop.
 11340 | Orc:2    | XOM: cast spell 'Chain of Chaos'
 11402 | D:11     | Killed an orc warlord
 11571 | Orc:1    | XOM: scenery: summon butterflies
 11590 | Orc:1    | XOM: polymorph butterfly -> tengu
 11604 | Orc:1    | XOM: 1-stop teleportation journey
 11706 | Orc:1    | XOM: god gift: scroll labelled TERYTHR GACW {god gift}
 11798 | Orc:2    | Found Cewejuma's General Store.
 11804 | Orc:2    | XOM: scenery: summon butterflies
 11805 | Orc:2    | Gained mutation: Your large and strong wings let you fly.
                  | [Black Draconian growth]
 11805 | Orc:2    | Reached XP level 14. HP: 129/129 MP: 15/15
 11813 | Orc:2    | Found a staircase to the Elven Halls.
 11815 | Orc:2    | Bought a wand of polymorph (9) for 165 gold pieces
 11826 | Orc:2    | Got Xom's Almanac of Anaesthesia {god gift}
 11878 | Orc:2    | Noticed an orc warlord
 11889 | Orc:2    | XOM: confuse monster(s)
 11913 | Orc:2    | Killed an orc warlord
 11933 | Orc:2    | Found Onihou's Antique Weapon Boutique.
 11938 | Orc:2    | XOM: enchant monster (bad)
 11949 | Orc:2    | XOM: smoke on damage
 12097 | Orc:2    | Reached skill level 10 in Polearms
 12126 | Orc:2    | Found Xaphese's Jewellery Shoppe.
 12182 | Orc:2    | XOM: cast spell 'Necromutation'
 12307 | Orc:2    | Found Mebutex's Antique Armour Boutique.
 12368 | Orc:2    | Bought an ichor-stained battleaxe for 310 gold pieces
 12368 | Orc:2    | Identified the +1 battleaxe "Worpha" {vorpal, Contam rF+
                  | Int-5 Dex+10} (You bought it in a shop on level 2 of the
                  | Orcish Mines)
 12368 | Orc:2    | Bought a twisted falchion for 216 gold pieces
 12368 | Orc:2    | Identified the +2 falchion of Rutuolio {vorpal, *Noise
                  | Will+ Dex+4 SInv} (You bought it in a shop on level 2 of
                  | the Orcish Mines)
 12368 | Orc:2    | Bought an encrusted quarterstaff for 243 gold pieces
 12368 | Orc:2    | Identified the +3 quarterstaff "Jeiplyru" {freeze, +Blink
                  | rPois Str-2 Stlth-} (You bought it in a shop on level 2 of
                  | the Orcish Mines)
 12468 | Lair:1   | XOM: noise
 12468 | Lair:1   | Entered Level 1 of the Lair of Beasts
 12471 | Lair:1   | XOM: divination: detect items
 12599 | Lair:1   | XOM: noise
 12710 | Lair:1   | XOM: confuse monster(s)
 12713 | Lair:1   | XOM: cast spell 'Summon Hydra'
 12989 | Lair:1   | XOM: noise
 13075 | Lair:1   | XOM: cloud trail
 13257 | Lair:2   | Acquired the +0 hat "Tuptumev" {Str+2 Int+5}
 13306 | Lair:2   | Found a dark tunnel.
 13313 | Lair:2   | XOM: 1-stop teleportation journey
 13331 | Lair:2   | XOM: blink monster(s)
 13380 | Volcano  | Entered a volcano
 13433 | Volcano  | XOM: god gift: staff of air
 13463 | Volcano  | XOM: 1-stop teleportation journey
 13474 | Volcano  | XOM: summons 8 hostile demons
 13523 | Volcano  | XOM: 3-stop teleportation journey
 13535 | Volcano  | Noticed an orb of fire
 13596 | Volcano  | Noticed an orb of fire
 13596 | Volcano  | XOM: 2-stop teleportation journey
 14031 | Lair:2   | Reached skill level 14 in Fighting
 14103 | Lair:2   | XOM: confuse monster(s)
 14397 | Lair:2   | Noticed Fannar
 14404 | Lair:2   | XOM: enchant monster (bad)
 14405 | Lair:2   | Killed Fannar
 14468 | Lair:3   | XOM: noise
 14532 | Lair:3   | XOM: torment (74/132 hp)
 14573 | Lair:3   | XOM: summons friendly quasit
 14792 | Lair:3   | Found a staircase to the Snake Pit.
 15303 | Lair:4   | XOM: summons friendly shadow imp
 15306 | Lair:4   | XOM: potion effect (might)
 15308 | Lair:4   | XOM: confuse monster(s)
 15322 | Lair:4   | XOM: cast spell 'Summon Dragon'
 15373 | Lair:4   | Found a runed translucent gate.
 15373 | Lair:4   | XOM: 3-stop teleportation journey
 15374 | Lair:4   | Found a runed translucent gate.
 15375 | Lair:4   | Found a runed translucent gate.
 15403 | Lair:4   | XOM: scenery: 1 doors close
 15588 | Lair:4   | Noticed MirrMurr's ghost (journeyman SpEn)
 15607 | Lair:4   | Killed MirrMurr's ghost
 15620 | Lair:4   | Reached XP level 15. HP: 125/138 MP: 16/16
 16027 | Lair:4   | Found a staircase to the Swamp.
 16233 | Lair:5   | XOM: divination: detect creatures
 16301 | Lair:5   | XOM: swap monsters
 16368 | Lair:5   | XOM: 3-stop teleportation journey
 16597 | Lair:5   | XOM: noise
 16965 | Lair:5   | XOM: blink monster(s)
 17188 | Lair:5   | XOM: stat loss: -1 Dex (23/24)
 17342 | Lair:5   | XOM: give mutations
 17342 | Lair:5   | Gained mutation: Your body sometimes deteriorates upon
                  | taking damage. [Xom's mischief]
 17342 | Lair:5   | Lost mutation: Your mind is acute. (Int +2) [Xom's
                  | mischief]
 17342 | Lair:5   | Gained mutation: Your body often deteriorates upon taking
                  | damage. [Xom's mischief]
 17342 | Lair:5   | Lost mutation: Your natural rate of healing is unusually
                  | fast. [Xom's mischief]
 17440 | Lair:6   | XOM: noise
 17440 | Lair:6   | Entered Level 6 of the Lair of Beasts
 17614 | Lair:6   | XOM: silly message
 17646 | Lair:5   | XOM: polymorph eight-headed hydra -> emperor scorpion
 17652 | Lair:5   | XOM: confuse monster(s)
 17730 | Lair:5   | XOM: silly message
 17735 | Lair:5   | XOM: cast spell 'Summon Ice Beast'
 17763 | Lair:5   | XOM: polymorph ice beast -> bullfrog
 17805 | Lair:5   | XOM: give mutations
 17805 | Lair:5   | Lost mutation: Your tail ends in a poisonous barb. [Xom's
                  | mischief]
 17805 | Lair:5   | Lost mutation: You possess an exceptional clarity of mind.
                  | [Xom's mischief]
 17805 | Lair:5   | Lost mutation: Your body often deteriorates upon taking
                  | damage. [Xom's mischief]
 17805 | Lair:5   | Gained mutation: You are dopey. (Int -2) [Xom's mischief]
 17857 | Lair:6   | XOM: polymorph blink frog -> golden eye
 17904 | Lair:6   | XOM: potion effect (curing)
 17924 | Lair:6   | XOM: noise
 17957 | Lair:6   | XOM: destruction
 17959 | Lair:6   | XOM: confusion (+ monsters)
 17969 | Lair:6   | XOM: confuse monster(s)
 18074 | Lair:6   | Found a viscous altar of Jiyva.
 18074 | Lair:6   | Found a staircase to the Slime Pits.
 18102 | Lair:6   | XOM: cast spell 'Olgreb's Toxic Radiance'
 18150 | Lair:6   | Reached skill level 15 in Fighting
 18166 | Lair:6   | XOM: summons 4 friendly demons
 18169 | Lair:6   | XOM: summons 1 friendly demon
 18192 | Lair:6   | XOM: confuse monster(s)
 18208 | Lair:6   | XOM: silly message
 18319 | Lair:6   | XOM: silly message
 18657 | Snake:1  | XOM: stealth player
 18657 | Snake:1  | Entered Level 1 of the Snake Pit
 18680 | Snake:1  | Noticed a nagaraja
 18685 | Lair:3   | XOM: divination: detect creatures
 18752 | Snake:1  | XOM: potion effect (haste)
 18769 | Snake:1  | Killed a nagaraja
 18842 | Snake:1  | XOM: enchant monster (good)
 18883 | Snake:1  | XOM: divination: detect creatures
 18908 | Snake:1  | Reached XP level 16. HP: 148/149 MP: 17/17
 19124 | Snake:1  | XOM: polymorph naga warrior -> meliai
 19135 | Snake:1  | XOM: cast spell 'Summon Horrible Things'
 19200 | Snake:1  | XOM: summons friendly crimson imp
 19228 | Snake:1  | XOM: 6-stop teleportation journey
 19539 | Snake:1  | Reached skill level 10 in Stealth
 19648 | Snake:1  | Found Ircharad's Jewellery Shop.
 19648 | Snake:1  | Found Rajen's Book Shoppe.
 19651 | Snake:1  | Found Qoumeos's Jewellery Shop.
 19657 | Snake:1  | Bought a ring of see invisible for 240 gold pieces
 19663 | Snake:1  | Bought Great Wizards, Vol. VII for 420 gold pieces
 19664 | Snake:1  | Lost mutation: Your body sometimes deteriorates upon taking
                  | damage. [potion of mutation]
 19664 | Snake:1  | Lost mutation: Your system is resistant to poisons. (rPois)
                  | [potion of mutation]
 19664 | Snake:1  | Gained mutation: You are very dopey. (Int -4) [potion of
                  | mutation]
 19664 | Snake:1  | Lost mutation: Your flesh is heat resistant. (rF+) [potion
                  | of mutation]
 19664 | Snake:1  | Gained mutation: Your tail ends in a poisonous barb.
                  | [potion of mutation]
 19961 | Snake:2  | XOM: god gift: 21 arrows
 19999 | Snake:2  | XOM: 6-stop teleportation journey
 20038 | Snake:2  | Found a glowing silver altar of Zin.
 20093 | Snake:2  | XOM: enchant monster (good)
 20103 | Snake:2  | XOM: swap monsters
 20273 | Snake:2  | XOM: confusion
 20280 | Snake:2  | XOM: cast spell 'Disjunction'
 20395 | Snake:2  | XOM: cloud trail
 20467 | Snake:2  | XOM: noise
 20489 | Snake:2  | Learned a level 3 spell: Frozen Ramparts
 20620 | Snake:2  | XOM: noise
 20670 | Snake:2  | XOM: enchant monster (good)
 21285 | Snake:3  | Reached skill level 1 in Spellcasting
 21305 | Snake:3  | Reached skill level 1 in Ice Magic
 21795 | Snake:4  | Entered Level 4 of the Snake Pit
 21796 | Snake:4  | Noticed Vashnia
 21797 | Snake:4  | XOM: enchant monster (bad)
 21813 | Snake:4  | XOM: chaos upgrade
 21873 | Snake:4  | XOM: polymorph Vashnia -> Vashnia
 21954 | Snake:4  | XOM: confusion (+ monsters)
 21964 | Snake:4  | Killed Vashnia
 21999 | Snake:3  | XOM: give mutations
 21999 | Snake:3  | Lost mutation: You expend magic power (3 MP) to strengthen
                  | your wands. [Xom's mischief]
 21999 | Snake:3  | Gained mutation: You are somewhat resistant to further
                  | mutation. [Xom's mischief]
 22100 | Snake:4  | XOM: summons 3 friendly demons
 22222 | Snake:4  | XOM: summons friendly shadow imp
 22367 | Snake:4  | XOM: summons 4 friendly demons
 22433 | Snake:4  | XOM: enchant monster (good)
 22447 | Snake:4  | XOM: enchant monster (good)
 22557 | Snake:4  | XOM: silly message
 22560 | Snake:4  | Reached skill level 16 in Fighting
 22565 | Snake:4  | XOM: confuse monster(s)
 22603 | Snake:4  | XOM: confuse monster(s)
 22620 | Snake:4  | XOM: smoke on damage
 22728 | Snake:4  | Noticed Donald
 22749 | Snake:4  | Killed Donald
 22833 | Snake:4  | XOM: give mutations
 22833 | Snake:4  | Lost mutation: You are agile. (Dex +2) [Xom's mischief]
 22833 | Snake:4  | Gained mutation: You have a pair of small horns on your
                  | head. [Xom's mischief]
 22833 | Snake:4  | Gained mutation: You occasionally shout uncontrollably at
                  | your foes. [Xom's mischief]
 22855 | Snake:4  | XOM: divination: magic mapping
 22877 | Snake:4  | Found a shimmering blue altar of Sif Muna.
 22970 | Snake:4  | Reached XP level 17. HP: 156/158 MP: 24/24
 23057 | Snake:4  | XOM: god gift: smouldering hand axe {god gift}
 23057 | Snake:4  | Identified the +4 hand axe of Reodwa {vorpal, +Blink Dex+4}
                  | (Xom gifted it to you on level 4 of the Snake Pit)
 23117 | Snake:4  | Noticed a quicksilver dragon
 23117 | Snake:4  | Noticed a quicksilver dragon
 23127 | Snake:4  | Killed a quicksilver dragon
 23134 | Snake:4  | Killed a quicksilver dragon
 23137 | Snake:4  | Got a serpentine rune of Zot
 23227 | Snake:4  | Reached skill level 10 in Shields
 23419 | D:8      | XOM: divination: magic mapping
 23533 | Orc:2    | Reached skill level 10 in Long Blades
 23554 | Elf:1    | Entered Level 1 of the Elven Halls
 23672 | Elf:1    | XOM: noise
 24233 | Elf:1    | Found Fyetiy's Weapon Boutique.
 24244 | Elf:1    | XOM: summons 7 friendly demons
 24255 | Elf:1    | XOM: divination: detect creatures
 24258 | Elf:1    | XOM: potion effect (invisibility)
 24262 | Elf:1    | XOM: divination: detect items
 24435 | Elf:1    | XOM: enchant monster (bad)
 24731 | Elf:2    | Found Peorac's Armour Boutique.
 24744 | Elf:2    | Reached skill level 5 in Ice Magic
 24758 | Elf:2    | Reached skill level 1 in Evocations
 24761 | Elf:2    | Reached skill level 5 in Spellcasting
 24777 | Elf:2    | Bought the +0 tower shield of Kleptomania {rF+} for 277
                  | gold pieces
 24814 | Elf:2    | Reached skill level 15 in Polearms
 25005 | Elf:2    | XOM: blink monster(s)
 25052 | Elf:2    | XOM: divination: detect creatures
 25133 | Elf:2    | XOM: give mutations
 25133 | Elf:2    | Gained mutation: You are agile. (Dex +2) [Xom's grace]
 25133 | Elf:2    | Gained mutation: You are covered in fur. (AC +1) [Xom's
                  | grace]
 25133 | Elf:2    | Gained mutation: You have supernaturally acute eyesight.
                  | (SInv) [Xom's grace]
 25266 | Elf:2    | XOM: cleaving
 25328 | Elf:2    | Found a runed translucent gate.
 25347 | Elf:2    | Found a runed translucent gate.
 25347 | Elf:2    | Found a runed translucent gate.
 25413 | Elf:2    | XOM: god gift: potion of ambrosia
 25570 | Elf:2    | XOM: scenery: create altars
 25612 | Elf:2    | Reached XP level 18. HP: 51/158 MP: 29/29
 25639 | Elf:2    | XOM: confusion (+ monsters)
 25863 | Elf:2    | XOM: summons 11 friendly demons
 26144 | Elf:3    | Entered Level 3 of the Elven Halls
 26160 | Elf:3    | Found a flickering gateway to a bazaar.
 26169 | Bazaar   | Entered a bazaar
 26169 | Bazaar   | Found Ify Girph's Weapon Shoppe.
 26169 | Bazaar   | Found Okaiv's General Store.
 26173 | Bazaar   | Found Gupnu's Distillery.
 26181 | Bazaar   | Bought a potion of experience for 550 gold pieces
 26188 | Bazaar   | Reached XP level 19. HP: 174/174 MP: 30/30
 26194 | Bazaar   | Found Kidaeg's Book Shoppe.
 26212 | Bazaar   | Bought a scroll of enchant weapon for 82 gold pieces
 26465 | Elf:3    | Paralysed by an air elemental for 1 turns
 26688 | Elf:3    | XOM: noise
 26702 | Elf:3    | XOM: give mutations
 26702 | Elf:3    | Lost mutation: You are agile. (Dex +2) [Xom's mischief]
 26705 | Elf:3    | XOM: 2-stop teleportation journey
 26728 | Elf:3    | XOM: give mutations
 26728 | Elf:3    | Lost mutation: Your tail ends in a poisonous barb. [Xom's
                  | mischief]
 26728 | Elf:3    | Lost mutation: You have a pair of small horns on your head.
                  | [Xom's mischief]
 26728 | Elf:3    | Lost mutation: You are very dopey. (Int -4) [Xom's
                  | mischief]
 26740 | Elf:3    | XOM: chaos upgrade
 26741 | Elf:3    | XOM: noise
 26748 | Elf:3    | XOM: swap monsters
 26983 | Elf:2    | XOM: god gift: spear {god gift}
 27145 | Elf:3    | XOM: chaos upgrade
 27146 | Elf:2    | XOM: summons friendly white imp
 27162 | Elf:3    | XOM: blink monster(s)
 27203 | Elf:3    | XOM: noise
 27318 | Elf:3    | XOM: summons friendly ufetubus
 27358 | Elf:3    | XOM: noise
 27397 | Elf:3    | Reached skill level 17 in Fighting
 27407 | Elf:3    | XOM: polymorph deep elf sorcerer -> deep elf sorcerer
 27515 | Elf:3    | Noticed a Brimstone Fiend
 27815 | Elf:3    | XOM: give mutations
 27815 | Elf:3    | Gained mutation: You frequently scream uncontrollably at
                  | your foes. [Xom's mischief]
 27815 | Elf:3    | Lost mutation: You passively dampen the noise of your
                  | surroundings. [Xom's mischief]
 27815 | Elf:3    | Lost mutation: You are dopey. (Int -2) [Xom's mischief]
 27827 | Elf:3    | Identified the +6 demon whip of Bile {vorpal, rElec}
 27839 | Elf:3    | XOM: scenery: summon butterflies
 27847 | Elf:3    | Identified the +4 whip of Kibank {freeze, Fragile rN+
                  | rCorr}
 27962 | Elf:3    | Identified the +5 quarterstaff of Cocytus {venom, rPois
                  | SInv}
 28012 | Elf:3    | XOM: confuse monster(s)
 28014 | Elf:3    | Found the amulet of the Four Winds {rN+ Will+++ Clar}
 28017 | Elf:3    | XOM: potion effect (invisibility)
 28020 | Elf:3    | Identified the ring of the Leaf {Ice Str+2 Int+3}
 28030 | Elf:3    | Identified the +0 scale mail of Xiupi {Int+4}
 28156 | Elf:3    | Found the ring of the Mage {Wiz Will++ Int+3}
 28181 | Elf:3    | Identified the +8 hand crossbow "Iceyh" {penet, rF+ Will+
                  | rCorr Int-3}
 28236 | Elf:3    | XOM: summons friendly ufetubus
 28373 | D:11     | XOM: god gift: halberd {god gift}
 28456 | D:11     | XOM: cast spell 'Dispersal'
 28625 | Swamp:1  | Entered Level 1 of the Swamp
 28671 | Swamp:1  | Noticed Louise
 28684 | Swamp:1  | XOM: divination: detect creatures
 28783 | Swamp:1  | XOM: divination: magic mapping
 28792 | Swamp:1  | Killed Louise
 28822 | Swamp:1  | XOM: fog
 28920 | Swamp:1  | Identified the +10 morningstar of Makhleb's Whim {drain,
                  | *Corrode Fly Dex-5 SInv Stlth+}
 29206 | Swamp:2  | XOM: cast spell 'Leda's Liquefaction'
 29233 | Swamp:2  | XOM: blink monster(s)
 29564 | Swamp:2  | XOM: give mutation
 29564 | Swamp:2  | Lost mutation: You have supernaturally acute eyesight.
                  | (SInv) [Xom's mischief]
 29809 | Swamp:2  | XOM: give mutations
 29809 | Swamp:2  | Gained mutation: You possess an exceptional clarity of
                  | mind. [Xom's grace]
 29809 | Swamp:2  | Gained mutation: You have a pair of small antennae on your
                  | head. [Xom's grace]
 29809 | Swamp:2  | Gained mutation: You have large cloven feet. [Xom's grace]
 29936 | Swamp:3  | Noticed Aizul
 29957 | Swamp:3  | Killed Aizul
 29988 | Swamp:3  | Got the Reference Book on Scorching Air
 30039 | Swamp:3  | XOM: divination: detect creatures
 30116 | Swamp:3  | XOM: cleaving
 30283 | Swamp:3  | XOM: polymorph tyrant leech -> alligator
 30378 | Swamp:3  | XOM: 1-stop teleportation journey
 30634 | Swamp:4  | Entered Level 4 of the Swamp
 30634 | Swamp:4  | Found a frozen archway.
 30654 | Swamp:3  | XOM: chaos cloud
 30695 | Swamp:4  | XOM: cleaving
 30703 | IceCv    | Entered an ice cave
 30768 | IceCv    | XOM: chaos cloud
 30790 | IceCv    | Reached XP level 20. HP: 154/184 MP: 34/34
 30822 | IceCv    | XOM: summons 1 hostile shadow creature
 30831 | IceCv    | XOM: noise
 30932 | IceCv    | XOM: cast spell 'Summon Mana Viper'
 31027 | IceCv    | Identified the +7 quarterstaff "Ugug" {vorpal, Will+ SInv}
 31150 | Swamp:4  | Acquired 887 gold pieces
 31236 | Swamp:4  | XOM: noise
 31515 | Swamp:4  | Noticed the 27-headed Lernaean hydra
 31516 | Swamp:4  | XOM: blink monster(s)
 31873 | Swamp:4  | XOM: noise
 31953 | Swamp:4  | XOM: noise
 32051 | Swamp:4  | Got a decaying rune of Zot
 32543 | D:10     | XOM: cast spell 'Necromutation'
 32546 | D:10     | XOM: summons 2 friendly demons
 32560 | D:10     | XOM: enchant monster (bad)
 32820 | D:12     | Killed Azrael
 32821 | D:12     | Reached skill level 15 in Dodging
 33078 | D:13     | XOM: 4-stop teleportation journey
 33086 | D:13     | XOM: summons 2 friendly demons
 33440 | D:13     | Found a gate to the Vaults.
 33463 | D:13     | Noticed Frances
 33478 | D:13     | Killed Frances
 33479 | D:13     | Reached skill level 1 in Crossbows
 33638 | D:13     | XOM: 6-stop teleportation journey
 33791 | D:13     | XOM: scenery: create altars
 34044 | D:13     | XOM: scenery: summon butterflies
 34678 | D:15     | Entered Level 15 of the Dungeon
 34706 | D:15     | Found Qyhoepse's Weapon Shop.
 34924 | D:15     | Found a staircase to the Depths.
 34951 | D:15     | XOM: 3-stop teleportation journey
 34952 | D:15     | XOM: summons 2 hostile demons
 35182 | D:15     | XOM: enchant monster (bad)
 35285 | D:15     | XOM: summons 2 hostile shadow creatures
 35395 | D:15     | XOM: summons 1 hostile demon
 35674 | Depths:1 | XOM: stealth player
 35674 | Depths:1 | Entered Level 1 of the Depths
 35678 | Depths:1 | XOM: enchant monster (bad)
 35694 | D:15     | XOM: enchant monster (bad)
 35746 | D:15     | XOM: stat loss: -1 Str (22/23)
 35801 | Depths:1 | XOM: noise
 35805 | D:15     | XOM: silly message
 35808 | D:15     | XOM: polymorph deep troll shaman -> satyr
 35812 | D:15     | Reached skill level 18 in Fighting
 35817 | D:15     | XOM: potion effect (heal wounds)
 35902 | D:15     | XOM: noise
 36100 | D:15     | Learned a level 5 spell: Silence
 36199 | Depths:1 | XOM: cast spell 'Cause Fear'
 36336 | D:15     | Reached skill level 1 in Hexes
 36362 | Depths:1 | Identified the +3 trident of Starshine {drain, Str+2}
 36396 | Depths:1 | Reached XP level 21. HP: 167/194 MP: 37/37
 36454 | Depths:1 | XOM: cast spell 'Call Canine Familiar'
 36630 | Depths:1 | Identified the +6 tower shield of Insatiable Hunger
                  | {Rampage rElec rPois Int-2}
 36690 | Depths:1 | Found a gateway to Hell.
 36730 | Depths:1 | XOM: summons friendly white imp
 36780 | Depths:1 | XOM: cast spell 'Summon Ice Beast'
 36781 | Depths:1 | XOM: cleaving
 36858 | D:15     | Reached skill level 10 in Ice Magic
 36883 | Depths:1 | XOM: cast spell 'Summon Ice Beast'
 36893 | D:15     | XOM: god gift: ring mail {god gift}
 36898 | D:15     | XOM: swap monsters
 36995 | Depths:1 | XOM: blink monster(s)
 37019 | D:15     | XOM: 2-stop teleportation journey
 37173 | Depths:1 | XOM: 1-stop teleportation journey
 37355 | Depths:1 | XOM: god gift: falchion {god gift}
 37589 | Hell     | Entered the Vestibule of Hell
 37589 | Hell     | Noticed Geryon
 37614 | Depths:2 | XOM: cast spell 'Summon Hydra'
 37748 | D:15     | XOM: divination: detect items
 37822 | Depths:2 | XOM: silly message
 38038 | Depths:1 | XOM: cleaving
 38062 | Depths:1 | XOM: noise
 38247 | Depths:2 | XOM: summons friendly shadow imp
 38385 | Depths:2 | XOM: polymorph death drake -> floating eye
 38389 | Depths:2 | Paralysed by a floating eye for 2 turns
 38398 | Depths:2 | XOM: 1-stop teleportation journey
 38399 | Depths:2 | XOM: summons friendly quasit
 38406 | Depths:2 | XOM: potion effect (haste)
 38412 | Depths:2 | XOM: cast spell 'Chain of Chaos'
 38430 | Depths:2 | HP: 3/158 [juggernaut zombie[a necromancer] (41)]
 38449 | Depths:2 | XOM: noise
 38454 | Depths:2 | Noticed a juggernaut
 38460 | Depths:2 | XOM: chaos upgrade
 38482 | Depths:1 | XOM: summons 2 hostile shadow creatures
 38720 | Temple   | Entered the Ecumenical Temple
 38724 | Temple   | XOM: summons 5 hostile demons
 38814 | Temple   | XOM: 5-stop teleportation journey
 38841 | Temple   | Fell from the grace of Xom
 38841 | Temple   | Became a worshipper of the Shining One
 38986 | Vaults:1 | Entered Level 1 of the Vaults
 39529 | Vaults:1 | Reached * piety under the Shining One
 39663 | Vaults:1 | Reached skill level 1 in Invocations
 39761 | Vaults:1 | Identified the +2 plate armour of Siyfu {Harm Str+4 Int+4
                  | Dex+3}
 39940 | Vaults:1 | XOM: noise
 39998 | Vaults:1 | Reached skill level 10 in Spellcasting
 40019 | Vaults:1 | Reached ** piety under the Shining One
 40098 | Vaults:1 | Found Guvoick's Magic Scroll Boutique.
 40106 | Vaults:1 | Bought a scroll of summoning for 123 gold pieces
 40106 | Vaults:1 | Bought a scroll of enchant armour for 97 gold pieces
 40106 | Vaults:1 | Bought a scroll of enchant armour for 97 gold pieces
 40106 | Vaults:1 | Bought a scroll of teleportation for 39 gold pieces
 40106 | Vaults:1 | Bought a scroll of teleportation for 39 gold pieces
 40106 | Vaults:1 | Bought a scroll of blinking for 97 gold pieces
 40106 | Vaults:1 | Bought a scroll of teleportation for 39 gold pieces
 40106 | Vaults:1 | Bought a scroll of magic mapping for 45 gold pieces
 40633 | Vaults:1 | Upgraded the game from 0.28-a0-661-g144af121cd to
                  | 0.28-a0-667-g162e43154e
 41299 | Vaults:2 | XOM: summons 10 hostile demons
 41362 | Vaults:2 | XOM: noise
 41539 | Vaults:2 | Reached XP level 22. HP: 145/204 MP: 39/39
 41971 | Vaults:2 | Reached *** piety under the Shining One
 42376 | Vaults:2 | Found Xesierus's Distillery.
 42382 | Vaults:2 | Bought a potion of curing for 39 gold pieces
 42382 | Vaults:2 | Bought a potion of curing for 39 gold pieces
 42382 | Vaults:2 | Bought a potion of curing for 39 gold pieces
 42382 | Vaults:2 | Bought a potion of curing for 39 gold pieces
 42382 | Vaults:2 | Bought a potion of curing for 39 gold pieces
 42382 | Vaults:2 | Bought a potion of resistance for 130 gold pieces
 42382 | Vaults:2 | Bought 2 potions of resistance for 260 gold pieces
 42696 | Vaults:3 | Learned a level 3 spell: Ozocubu's Armour
 42699 | Vaults:3 | Learned a level 2 spell: Wereblood
 42710 | Vaults:3 | Noticed Jory
 42725 | Vaults:3 | Killed Jory
 43419 | Vaults:3 | Reached **** piety under the Shining One
 43583 | Vaults:3 | Reached skill level 5 in Hexes
 43589 | Vaults:3 | Was placed under penance by the Shining One
 44071 | Vaults:3 | Found a staircase to the Crypt.
 44071 | Vaults:3 | Found a basalt altar of Yredelemnul.
 44072 | Vaults:3 | Found an ancient bone altar of Kikubaaqudgha.
 44078 | Crypt:1  | Entered Level 1 of the Crypt
 44533 | Vaults:3 | Reached skill level 5 in Invocations
 45431 | Vaults:3 | Reached skill level 19 in Fighting
 45514 | Vaults:5 | Entered Level 5 of the Vaults
 45588 | Vaults:4 | XOM: summons 2 hostile demons
 46059 | Vaults:4 | XOM: 5-stop teleportation journey
 46592 | Vaults:4 | Was forgiven by the Shining One
 46826 | Vaults:4 | Reached XP level 23. HP: 191/213 MP: 41/41
 47323 | Crypt:1  | XOM: silly message
 47331 | Crypt:1  | Reached skill level 1 in Air Magic
 47634 | Crypt:1  | XOM: noise
 48001 | Crypt:1  | XOM: noise
 48086 | Crypt:2  | XOM: 3-stop teleportation journey
 48104 | Crypt:2  | Reached ***** piety under the Shining One
 48407 | Crypt:2  | XOM: summons 1 hostile shadow creature
 48813 | Crypt:3  | Entered Level 3 of the Crypt
 48922 | Crypt:3  | Reached ****** piety under the Shining One
 48956 | Crypt:3  | XOM: give mutations
 48956 | Crypt:3  | Lost mutation: You have a pair of small antennae on your
                  | head. [Xom's mischief]
 48956 | Crypt:3  | Lost mutation: You are somewhat resistant to further
                  | mutation. [Xom's mischief]
 48956 | Crypt:3  | Gained mutation: You are weak. (Str -2) [Xom's mischief]
 48982 | Crypt:3  | Found a staircase to the Tomb.
 48999 | Tomb:1   | Entered Level 1 of the Tomb of the Ancients
 49154 | Tomb:1   | Identified a +9 trident of holy wrath (a +9 trident of
                  | electrocution blessed by the Shining One)
 49154 | Tomb:1   | Received a gift from the Shining One
 49667 | Tomb:1   | Noticed Mennas
 49979 | Crypt:3  | XOM: stat loss: -3 Str (18/21)
 50024 | Crypt:3  | Noticed Margery
 50036 | Crypt:3  | Killed Margery
 50519 | Crypt:3  | Noticed a royal mummy
 50519 | Crypt:3  | Noticed Khufu
 50520 | Crypt:3  | Noticed Sojobo
 50520 | Crypt:3  | Noticed a royal mummy
 50536 | Crypt:3  | Killed a royal mummy
 50687 | Crypt:2  | Killed Khufu
 50761 | Crypt:2  | Killed a royal mummy
 50762 | Crypt:2  | Reached skill level 5 in Air Magic
 50915 | Crypt:3  | Paralysed by an air elemental for 1 turns
 50923 | Crypt:3  | Killed Sojobo
 51266 | Crypt:3  | Identified the +5 glaive of Fee Simple {venom, rN+ Int-4
                  | Dex+9}
 51296 | Crypt:3  | Got the Incunabulum of Stolen Souls
 51300 | Crypt:3  | Got Weirung's Advanced Steps in the Arcane Arts
 51655 | Tomb:1   | Reached skill level 15 in Shields
 51997 | Tomb:1   | HP: 8/215 [death scarab (7)]
 51997 | Tomb:1   | Demolished by a death scarab

Illustrated notes

Levels and vault maps discovered:
D:1:      amcnicky_arrival_abandoned_market, layout_basic,
          minmay_misc_feat_pillars, minivault_5, hex_intersection
D:2:      minmay_wonky_spiral, layout_loops_ring,
          chequers_ecumenical_altar_simple, minmay_unequal,
          uniq_crazy_yiuf_cottage, uniq_terence, uniq_natasha
D:3:      kennysheep_the_goblin_king, layout_rooms
D:4:      layout_loops_corners, portal_sewer_entry_a, gammafunk_ghost_split
D:5:      layout_basic, serial_curves, eino_curves_02, eino_curves_02
D:6:      layout_basic, minmay_temple_entry_grid
D:7:      minmay_recursive_quarters, layout_loops_ring,
          nicolae_uskayaw_murder_on_the_dancefloor, kennysheep_generic_room_8
D:8:      layout_gridville, mainiacjoe_overflow_alcove_1, lair_entry_dummy,
          kennysheep_generic_room_16, uniq_maurice, uniq_grum, uniq_harold
D:9:      layout_gridville, serial_shops, nicolae_shop_behind_doors
D:10:     hangedman_screamer, layout_loops_ring, nicolae_zen_rock_garden
D:11:     gammafunk_boulding_lane, layout_gridville,
          minmay_orc_entry_guard_dogs, xom_shifter_show
D:12:     layout_basic, gauntlet_entry_generic, kennysheep_small_spiral,
          uniq_azrael
D:13:     minmay_textured_paths, layout_cave_pods, special_room
          [special_room_orc], serial_park_tiny_pond, uniq_frances
D:14:     layout_rooms, ebering_dispersal_statue_hall
D:15:     hangedman_depths_entry_try_elsewhere_first, layout_gridville,
          nicolae_sextant, serial_shops, nicolae_shop_statue_plus
Temple:   regret_index_temple_chain_breaker
Lair:1:   statuecave_lemuel, layout_chaotic_city, serial_bayou_lagoon_a,
          evilmike_ambush [evilmike_ambush_outer_basic,
          evilmike_ambush_inner_basic], grunt_megastairs_1
Lair:2:   layout_gridlike, nicolae_volcano_entry_hallway, uniq_fannar
Lair:3:   layout_cave_pods, guppyfry_snake_entry_island
Lair:4:   wad_woods_04, layout_regular_city, palyth_hydra_swamp_entry,
          gammafunk_ghost_icy, grunt_forest_stairs_clearing
Lair:5:   layout_layer_cave, grunt_megastairs_5
Lair:6:   grunt_lair_end_beastmaster, layout_misc_corridors,
          dpeg_slime_entry_enclosed_altar, grunt_megastairs_4,
          serial_bayou_shore_b
Swamp:1:  layout_falls_marsh, serial_swamp_ruin, evilmike_swamp_ruin_house_3,
          evilmike_swamp_ruin_house_2, uniq_louise
Swamp:2:  layout_basic_swamp, nicolae_swamp_fairy_circle, swamp_pool5,
          infiniplex_staircase_pool
Swamp:3:  layout_basic_swamp, evilmike_swamp_ruin_house_1, swamp_pool1,
          st_swamp_ruins_2, uniq_aizul
Swamp:4:  swamp_old_school, layout_basic_swamp,
          portal_ice_cave_entry_ugly_swarm, nzn_swamp_dancing_lights
Snake:1:  nicolae_snake_hallway, layout_basic, minmay_shop_grove
Snake:2:  layout_chambers, special_room, basic_altar
Snake:3:  layout_grid_maze
Snake:4:  hellmonk_snake_rune_quicksilver_temple, layout_basic, basic_altar,
          uniq_vashnia, uniq_donald
Orc:1:    layout_caves, basic_altar
Orc:2:    grunt_orc_gardens, layout_caves, grunt_orc_garden, grunt_orc_garden,
          grunt_orc_garden, grunt_orc_garden, basic_altar, serial_shops,
          nicolae_shop_statue_plus
Elf:1:    nicolae_elf_arrival_no_cutting_in_line, layout_geoelf_diagonals,
          serial_shops, nicolae_diamond_shop, hangedman_corner_corridor
Elf:2:    nicolae_elf_blades_crystal_corner, layout_geoelf_diagonals,
          nicolae_stop_n_shop_2
Elf:3:    minmay_elf_hall_spiked, layout_rooms, serial_shops,
          bzr_entry_customers
Vaults:1: vaults_standard_mumra_enter_the_diamond, hangedman_vaults_hat,
          v_rooms_1, vaults_standard_mumra_enter_the_diamond,
          vaults_room_octagon, nicolae_vaults_twisting_passages,
          ontoclasm_vaults_shuriken, v_misc_30, ontoclasm_vaults_bender,
          vaults_dpeg_diagonal, layout_vaults_omnicross, serial_shops,
          nicolae_shop_crystal
Vaults:2: ontoclasm_vaults_idyll, ontoclasm_vaults_fault, ontoclasm_vaults_eye,
          hangedman_vaults_corner_blocks, nicolae_vaults_little_squares_4,
          serial_ice_b, nicolae_vaults_asterisk, vaults_room_pool,
          layout_vaults_omnigrid, serial_shops, nicolae_square_shop
Vaults:3: vaults_dpeg_encased_lava, nicolae_vaults_diagonal_hallway_9,
          vaults_dpeg_doors, nicolae_vaults_halls_meeting, vaults_mumra_hex,
          vaults_dpeg_hooks, minmay_crypt_entry_necro_gods,
          nicolae_vaults_shelves_hall, nicolae_vaults_theta,
          hangedman_vaults_river_flow, ontoclasm_vaults_pinch, v_alt_pattern_6,
          nicolae_vaults_shelves_hall, vaults_dpeg_ring, layout_vaults_ring,
          uniq_jory
Vaults:4: nicolae_vaults_an_arrangement, nicolae_vaults_network_barrier,
          v_misc_9, v_misc_5, ontoclasm_vaults_ring_small, vaults_room_grid,
          ontoclasm_vaults_misaligned, v_misc_19, vaults_room_door_hall,
          ontoclasm_vaults_misaligned, nicolae_vaults_big_ls,
          nicolae_vaults_three_branches, ontoclasm_vaults_decontamination,
          layout_vaults_omnibox
Vaults:5: uniq_xtahua
Crypt:1:  layout_chaotic_city, minmay_misc_feat_alley, skrybe_necro_troll_1
Crypt:2:  layout_misc_corridors
Crypt:3:  david_glass_crypt, layout_misc_corridors,
          nicolae_tomb_entry_rubble_hallway, minmay_misc_feat_rows,
          uniq_margery, uniq_sojobo, uniq_khufu
Tomb:1:   uniq_mennas
Depths:1: minmay_strange_plus, layout_cave_pools, pf_coc_iceberg,
          hangedman_decor_growths, kennysheep_generic_room_6
Depths:2: lemuel_river_lethe, pan_entry, hell_entry
Hell

Skill      XL: |  1  2  3  4  5  6  7  8  9 10 11 12 13 14 15 16 17 18 19 20 21 22 23 |
---------------+----------------------------------------------------------------------+-----
Fighting       | 4 5 6 7 8 12 13 14 15 16 17 18 19 | 19.8
Long Blades    | 4 5 6 8 9 11 12 13 14 | 14.6
Dodging        | 3 4 5 7 8 11 12 13 14 15 16 17 | 17.0
Stealth        | 1 2 3 4 5 6 8 9 10 11 12 | 12.3
Shields        | 1 2 3 4 5 6 7 9 10 11 12 13 14 15 | 15.0
Axes           | 2 3 |  3.1
Polearms       | 5 6 9 12 14 15 16 | 16.1
Spellcasting   | 3 5 6 7 9 10 11 | 11.8
Ice Magic      | 3 6 8 9 11 12 | 12.9
Evocations     | 1 2 3 4 |  4.5
Crossbows      | 2 3 |  3.4
Hexes          | 1 4 6 7 |  7.7
Invocations    | 3 6 8 |  8.3
Air Magic      | 5 |  5.0
Throwing       | |  0.3

Action                   |  1- 3 |  4- 6 |  7- 9 | 10-12 | 13-15 | 16-18 | 19-21 | 22-24 || total
-------------------------+-------+-------+-------+-------+-------+-------+-------+-------++-------
Melee: Falchion          |    56 |   334 |   358 |    19 |       |       |       |       ||   767
       Tailslap          |     6 |    28 |    42 |    51 |   281 |   204 |   624 |   443 ||  1679
       Kick              |       |    21 |   108 |       |       |       |       |       ||   129
       Headbutt          |       |       |    75 |    25 |       |   162 |    13 |       ||   275
       Hand axe          |       |       |    22 |       |     4 |       |       |       ||    26
       Trident           |       |       |       |   230 |  1308 |   538 |  1297 |   411 ||  3784
       Scimitar          |       |       |       |       |       |   419 |   895 |  1112 ||  2426
       Unarmed           |       |       |       |       |       |       |     3 |       ||     3
 Fire: Hand crossbow     |       |       |       |       |       |       |   245 |    65 ||   310
Throw: Throwing net      |       |       |       |       |     1 |       |       |       ||     1
 Cast: Frozen Ramparts   |       |       |       |       |       |     4 |     5 |     1 ||    10
       Ozocubu's Armour  |       |       |       |       |       |       |       |     2 ||     2
       Wereblood         |       |       |       |       |       |       |       |     2 ||     2
       Silence           |       |       |       |       |       |       |       |     8 ||     8
Invok: Divine Shield     |       |       |       |       |       |       |       |     2 ||     2
       Cleansing Flame   |       |       |       |       |       |       |       |     7 ||     7
       Summon Divine War |       |       |       |       |       |       |       |     1 ||     1
       Brand Weapon With |       |       |       |       |       |       |       |     1 ||     1
 Abil: Breathe Lightning |       |       |     4 |     1 |     4 |     4 |     2 |     5 ||    20
Evoke: Wand              |       |       |     4 |       |       |     7 |    75 |    42 ||   128
       Phantom mirror    |       |       |       |       |       |     1 |     2 |     2 ||     5
       Piece from Xom's  |       |       |       |       |       |     4 |    23 |       ||    27
       Lightning rod     |       |       |       |       |       |       |     9 |    12 ||    21
       Box of beasts     |       |       |       |       |       |       |     1 |     2 ||     3
       Phial of floods   |       |       |       |       |       |       |     1 |     1 ||     2
       Condenser vane    |       |       |       |       |       |       |     2 |       ||     2
       Tin of tremorston |       |       |       |       |       |       |     2 |     6 ||     8
  Use: Scroll            |       |     6 |       |     8 |    13 |     4 |    22 |     6 ||    59
       Potion            |       |       |       |     4 |     8 |     5 |    13 |     2 ||    32
 Stab: Paralysed         |       |     1 |       |       |       |       |       |       ||     1
       Confused          |       |     2 |     1 |     2 |    23 |     4 |     7 |       ||    39
       Sleeping          |       |       |     6 |     1 |    22 |    37 |    13 |       ||    79
       Petrified         |       |       |       |     6 |    16 |       |     4 |       ||    26
       Distracted        |       |       |       |     2 |     5 |     8 |     7 |       ||    22
       Invisible         |       |       |       |       |     2 |     2 |       |       ||     4
       Held in net/web   |       |       |       |       |     2 |       |       |       ||     2
       Petrifying        |       |       |       |       |     1 |       |       |       ||     1
Armor: Skin              |    20 |   156 |    98 |    64 |   193 |   138 |   593 |   297 ||  1559
Dodge: Dodged            |    46 |   302 |   238 |   170 |   832 |   453 |  2072 |  1356 ||  5469
Block: Buckler           |       |    15 |    86 |    84 |   385 |   233 |  1169 |   847 ||  2819
       Reflection        |       |       |       |    11 |    18 |    26 |    43 |    17 ||   115
       Tower shield      |       |       |       |       |       |    49 |       |       ||    49

Table legend: (Time is in decaauts)
 A = Elapsed time spent in this place.
 B = Non-inter-level travel time spent in this place.
 C = Inter-level travel time spent in this place.
 D = Time resting spent in this place.
 E = Time spent auto-exploring this place.
 F = Levels seen in this place.
 G = Mean time per level.
                   A        B        C        D        E       F      G
               +--------+--------+--------+--------+--------+-----+--------+
         Total |  50546 |  47622 |   2924 |   7771 |  22238 |  52 |  972.0 |
       Dungeon |  15264 |  14130 |   1134 |   1987 |   8621 |  15 | 1017.6 |
        Temple |    128 |    128 |      0 |     72 |      0 |   1 |  128.0 |
          Lair |   5865 |   5464 |    401 |    297 |   3981 |   6 |  977.5 |
         Swamp |   3081 |   2965 |    116 |    388 |   1521 |   4 |  770.2 |
     Snake Pit |   4337 |   4172 |    165 |    663 |   2425 |   4 | 1084.2 |
  Orcish Mines |   1188 |   1083 |    105 |     27 |    574 |   2 |  594.0 |
   Elven Halls |   4579 |   4262 |    317 |   1119 |   1215 |   3 | 1526.3 |
        Vaults |   7688 |   7239 |    449 |   1558 |   2213 |   5 | 1537.6 |
         Crypt |   3541 |   3407 |    134 |    819 |    850 |   3 | 1180.3 |
          Tomb |   1137 |   1136 |      1 |    116 |     25 |   1 | 1137.0 |
        Depths |   1537 |   1442 |     95 |    284 |    355 |   2 |  768.5 |
          Hell |      1 |      1 |      0 |      0 |      0 |   1 |    1.0 |
        Bazaar |     64 |     64 |      0 |      0 |      0 |   1 |   64.0 |
         Sewer |    961 |    961 |      0 |    323 |    227 |   1 |  961.0 |
      Ice Cave |    344 |    344 |      0 |    113 |      0 |   1 |  344.0 |
       Volcano |    428 |    428 |      0 |      5 |     90 |   1 |  428.0 |
      Gauntlet |    395 |    395 |      0 |      0 |    139 |   1 |  395.0 |
               +--------+--------+--------+--------+--------+-----+--------+

Top non-repeatable levels by time:
    D:15: 2293 daAuts
Vaults:2: 2112 daAuts
   Elf:2: 2049 daAuts
Vaults:3: 2003 daAuts
Vaults:1: 1948 daAuts
Vaults:4: 1623 daAuts
 Crypt:3: 1621 daAuts
  Lair:5: 1432 daAuts
   Elf:3: 1342 daAuts
    D:13: 1328 daAuts
Depths:1: 1316 daAuts
    D:11: 1233 daAuts
   Elf:1: 1187 daAuts
     D:2: 1146 daAuts
 Snake:2: 1140 daAuts
